Construct Section Command Post
Selects Heavy Armor Battlegroup
Construct Platoon Command Post
Unlock M3 Stuart Light Tanks
Selects Rigorous Vehicle Training
Selects Light Vehicle Withdraw and Refit
Light Vehicle Withdraw and Refit
Unlock Bishop Self-propelled Artillery
Bishop Self-propelled Artillery
Bishop Self-propelled Artillery
Selects Forward Repair Assembly
Bishop Self-propelled Artillery
6-pounder Anti-tank Gun Team
Bishop Self-propelled Artillery
Selects Churchill Black Prince Heavy Tank
Churchill Black Prince Heavy Tank
Bishop Self-propelled Artillery
Construct Company Command Post